 Dungeon Sprint DCSS version 0.17-a0-2098-gf59d6bc (webtiles) character file.

9 Hedron the Digger (level 2, -7/22 HPs)
             Began as a Deep Dwarf Earth Elementalist on Oct 17, 2015.
             Mangled by an ice beast (8 damage)
             ... in the Dungeon (Sprint IX: "|||||||||||||||||||||||||||||").
             The game lasted 00:01:41 (108 turns).

Hedron the Digger (Deep Dwarf Earth Elementalist)    Turns: 108, Time: 00:01:42

Health: -7/22      AC:  2    Str: 11    XL:     2   Next: 6%
Magic:  0/5        EV: 12    Int: 15    God:
Gold:   0          SH:  0    Dex: 13    Spells: 1 memorised, 5 levels left

rFire  . . .     SeeInvis .     b - +0 dagger (flame)
rCold  . . .     Clarity  .     m - +0 robe
rNeg   . . .     SustAt   .     (no shield)
rPois  .         Gourm    .     (no helmet)
rElec  .         Spirit   .     (no cloak)
rCorr  .         Warding  .     (no gloves)
rMut   .         NoTele   +     (no boots)
MR     .....                    (no amulet)
Stlth  ++........               (no ring)
                                (no ring)

@: non-regenerating, not resistant to hostile enchantments, unstealthy
A: damage resistance, recharge devices, sense surroundings 1, slow regeneration
3
a: Device Recharging


You were in the Dungeon.
You were not hungry.

You visited 1 branch

Inventory:

Hand Weapons
 b - a +0 dagger of flaming (weapon)
Missiles
 a - 14 stones (quivered)
Armour
 m - a +0 robe (worn)
Wands
 d - a wand of heal wounds (1)
Scrolls
 k - a scroll of blinking
Potions
 f - a potion of curing
 g - a potion of heal wounds
 h - a potion of haste
 i - 2 potions of magic
 j - a potion of berserk rage
Books
 c - a book of Geomancy

   Spells                             Type                      Level
   a - Sandblast                      Earth                        1
   b - Stoneskin                      Transmutation/Earth          2
   c - Passwall                       Transmutation/Earth          3
   d - Stone Arrow                    Conjuration/Earth            3
   e - Petrify                        Transmutation/Earth          4
   f - Lee's Rapid Deconstruction     Earth                        5
Comestibles
 e - a bread ration
 l - 4 chunks of flesh


   Skills:
 - Level 2.2 Dodging
 - Level 2.5 Stealth
 + Level 2.6 Spellcasting
   Level 0.8 Transmutations
 + Level 5.9 Earth Magic


You had 5 spell levels left.
You knew the following spells:

 Your Spells              Type           Power        Failure   Level  Hunger
a - Sandblast             Erth           ###...       1%          1    #......


Dungeon Overview and Level Annotations

Branches:
Dungeon (1/1)

Altars:


Innate Abilities, Weirdness & Mutations

You are resistant to damage.
You can recharge devices by infusing magical energy.
You passively map a small area around you.
You do not regenerate naturally.


Message History

You hit the ice beast but do no damage. The ice beast hits you.
The ice beast freezes you!
* * * LOW HITPOINT WARNING * * *
Evoke which item? (* to show all) (? for menu, Esc to quit)
Zapping:
d - a wand of heal wounds (3)
Press: ? - help, Shift-Dir - straight line, f - you, p - phantom You feel much better.
This wand has 2 charges left.
The phantom hits you.
The phantom blinks!
The ice beast hits you. The ice beast freezes you!
Evoke which item? (* to show all) (? for menu, Esc to quit)
Zapping:
d - a wand of heal wounds (2)
Press: ? - help, Shift-Dir - straight line, f - you You feel much better.
This wand has 1 charge left.
The phantom hits you.
The phantom blinks!
The ice beast hits you. The ice beast freezes you.
You hit the ice beast but do no damage. The ice beast hits you.
The ice beast freezes you!
* * * LOW HITPOINT WARNING * * *
You hit the ice beast but do no damage. The ice beast hits you.
* * * LOW HITPOINT WARNING * * *
The ice beast freezes you!
You die...

▓.▓ ,
▓.▓,*
,
▓.▓,*
* ▓)▓
▓)▓,
▓.▓,
*, ,
▓.▓ *
*
▓.▓,
,* *
▓@▓
,*
▓Y▓ *
▓Z▓ *
▓W▓ *
*
▓.▓,
,
▓.▓,
▓.▓
▓+▓ ,
,


You could see a phantom, an ice beast and an adder zombie.

Vanquished Creatures
  An ooze (D)
  A hobgoblin (D)
  A bat (D)
  A giant cockroach zombie (D)
  A goblin (D)
  A kobold (D)
  A rat (D)
7 creatures vanquished.

Notes
Turn   | Place    | Note
--------------------------------------------------------------
     0 | D        | Hedron the Deep Dwarf Earth Elementalist began the quest for the Orb.
     0 | D        | Reached XP level 1. HP: 15/15 MP: 3/3
    16 | D        | Reached skill level 5 in Earth Magic
    88 | D        | Noticed a phantom
    88 | D        | Noticed an ice beast
    99 | D        | Reached XP level 2. HP: 14/22 MP: 3/5
   108 | D        | HP: 1/22 [ice beast (3)]
   108 | D        | Mangled by an ice beast

Vault maps used:
D:        linesprint

Action                   || total
-------------------------++-------
Melee: Unarmed           ||    27
       Dagger            ||    15
 Cast: Sandblast         ||     9
Evoke: Wand              ||     4
